AoeStats
← Potatoes are my favourite fruit

Black Forest

510908354Analyzed
4v4 RM · 4h ago on Oct 3, 2026· 69m 19s· 8 players
Game mode
Random Map
Map size
Large (8 player)
Population
200
Speed
Normal
Resources
Standard
Victory
Conquest
Starting age
Dark Age
Ending age
Imperial Age
RankedLock teamsTeams togetherTeam positionsShared explorationLock speedFull tech treeHidden civsTurbo modeCheats
Victory
Defeat
🇨🇳 Khmer · China
938
+14
🇺🇸 Turks · United States
920
+15
🇺🇸 Goths · United States
912
+15
902
+15
🇦🇷 Persians · Argentina
999
-19
🇨🇳 Britons · China
870
-14
🇵🇪 Gurjaras · Peru
850
-13
🇦🇷 Romans · Argentina
849
-13
Friedeggplant
0:39 Loom
16:56 Feudal Age
20:58 Castle Age
18:56 Double-Bit Axe
18:53 Horse Collar
19:00 Town Watch
18:49 Man-at-Arms
20:53 Forging
24:05 Gold Mining
26:28 Bow Saw
26:20 Heavy Plow
27:46 Stone Mining
29:18 Wheelbarrow
30:15 Hand Cart
31:45 Stone Shaft Mining
40:32 Imperial Age
38:11 Scale Mail Armor
38:40 Town Patrol
39:27 Iron Casting
39:33 Ballistics
42:57 Blast Furnace
42:13 Chain Mail Armor
41:57 Murder Holes
42:12 Masonry
43:03 Chemistry
42:09 Squires
41:30 Pikeman
41:32 Long Swordsman
41:36 Elite Huskarl
42:37 Conscription
42:30 Perfusion
43:42 Two-Man Saw
43:14 Crop Rotation
42:37 Fletching
42:54 Anarchy
42:19 Two-Handed Swordsman
42:22 Halberdier
42:34 Capped Ram
44:23 Architecture
45:00 Champion
53:57 Caravan
58:33 Bodkin Arrow
king
6:41 Loom
9:26 Feudal Age
9:52 Double-Bit Axe
10:57 Horse Collar
13:56 Wheelbarrow
18:32 Castle Age
16:51 Gold Mining
16:54 Stone Mining
18:45 Padded Archer Armor
19:27 Bow Saw
19:19 Heavy Plow
22:42 Hand Cart
23:29 Gold Shaft Mining
25:27 Padded Archer Armor
26:37 Leather Archer Armor
29:35 Imperial Age
28:55 Caravan
29:43 Elite Janissary
32:19 Two-Man Saw
32:29 Artillery
35:25 Guilds
35:49 Ring Archer Armor
40:07 Ballistics
56:47 Town Watch
Potatoes are my favourite fruit
11:53 Feudal Age
12:12 Loom
17:21 Castle Age
16:24 Double-Bit Axe
17:06 Fishing Lines
18:28 Bow Saw
19:41 Wheelbarrow
20:30 Horse Collar
21:22 Heavy Plow
22:29 Hand Cart
26:41 Fervor
26:51 Sanctity
34:28 Imperial Age
31:44 Town Watch
32:06 Scale Mail Armor
32:16 Forging
33:03 Caravan
33:25 Pikeman
34:09 Squires
33:55 Arson
34:33 Chain Mail Armor
34:53 Iron Casting
35:22 Chemistry
34:42 Ballistics
34:42 Wagenburg Tactics
34:41 Halberdier
36:16 Plate Mail Armor
36:23 Conscription
35:50 Houfnice
38:14 Two-Man Saw
39:33 Blast Furnace
38:24 Fletching
38:34 Padded Archer Armor
39:16 Siege Engineers
40:57 Bodkin Arrow
41:03 Murder Holes
41:22 Masonry
43:27 Elite Skirmisher
48:23 Bracer
48:38 Leather Archer Armor
48:47 Sanctity
48:59 Architecture
57:46 Ring Archer Armor
59:06 Town Patrol
打不过
1:13 Loom
13:17 Feudal Age
14:03 Double-Bit Axe
14:01 Horse Collar
14:15 Stone Mining
15:50 Gold Mining
15:55 Fishing Lines
22:06 Castle Age
23:10 Bow Saw
24:04 Stone Shaft Mining
25:02 Gold Shaft Mining
25:14 Heavy Plow
27:48 Fortified Wall
29:11 Wheelbarrow
28:22 Town Watch
31:29 Imperial Age
29:36 Masonry
30:40 Scale Barding Armor
30:26 Fletching
30:43 Murder Holes
32:45 Caravan
33:05 Husbandry
33:16 Bloodlines
33:29 Conscription
33:37 Bodkin Arrow
35:39 Chemistry
37:27 Hand Cart
38:13 Architecture
38:45 Siege Engineers
38:03 Elite Ballista Elephant
38:49 Tusk Swords
40:16 Hoardings
39:42 Double Crossbow
40:35 Town Patrol
41:35 Bracer
41:47 Forging
45:28 Arson
45:03 Pikeman
45:07 Elite Skirmisher
45:10 Light Cavalry
49:13 Iron Casting
48:41 Padded Archer Armor
49:07 Chain Barding Armor
48:22 Halberdier
49:11 Padded Archer Armor
51:02 Blast Furnace
51:04 Scale Mail Armor
51:39 Plate Barding Armor
54:35 Capped Ram
58:23 Hussar
59:25 Chain Mail Armor
60:18 Leather Archer Armor
59:50 Cavalier
66:20 Ring Archer Armor
Jose_El_Mc
5:15 Loom
12:27 Feudal Age
13:27 Gold Mining
13:18 Horse Collar
13:26 Double-Bit Axe
16:16 Wheelbarrow
20:14 Castle Age
21:39 Hand Cart
21:46 Bow Saw
22:13 Gold Shaft Mining
21:40 Heavy Plow
24:11 Stone Mining
27:05 Stone Shaft Mining
33:04 Fletching
33:14 Padded Archer Armor
33:25 Forging
33:16 Scale Mail Armor
36:54 Imperial Age
35:01 Town Watch
36:15 Caravan
36:46 Coinage
37:16 Bodkin Arrow
37:57 Iron Casting
37:38 Chain Mail Armor
37:38 Leather Archer Armor
37:46 Ballistics
37:22 Heated Shot
38:43 Chemistry
40:17 Crop Rotation
39:56 Bracer
39:43 Elite Chakram Thrower
44:57 Heavy Camel Rider
49:59 Husbandry
51:47 Scale Barding Armor
52:12 Plate Mail Armor
52:27 Masonry
53:00 Town Patrol
67:03 Banking
[MSBY] AlanSSJ3
0:59 Loom
13:37 Feudal Age
17:00 Double-Bit Axe
16:57 Horse Collar
19:57 Stone Mining
23:51 Castle Age
23:19 Wheelbarrow
29:19 Heavy Plow
29:33 Bow Saw
29:15 Gold Mining
32:29 Caravan
34:47 Hand Cart
34:47 Man-at-Arms
35:42 Forging
35:34 Scale Mail Armor
41:18 Imperial Age
40:14 Iron Casting
39:55 Chain Mail Armor
39:45 Scale Barding Armor
40:29 Coinage
41:16 Long Swordsman
42:58 Conscription
41:59 Elite Centurion
42:05 Legionary
El Flaco Del Oeste
6:18 Loom
10:30 Feudal Age
11:06 Double-Bit Axe
14:17 Wheelbarrow
14:40 Gold Mining
15:56 Fishing Lines
19:55 Castle Age
18:26 Stone Mining
20:52 Bow Saw
24:59 Gillnets
25:41 Horse Collar
31:28 Imperial Age
29:35 Hand Cart
31:02 Forging
30:57 Scale Barding Armor
31:41 Husbandry
32:29 Iron Casting
32:18 Chain Barding Armor
31:27 Cavalier
32:13 Heavy Plow
32:47 Caravan
33:18 Coinage
34:12 Blast Furnace
33:49 Plate Barding Armor
33:00 Savar
35:02 Two-Man Saw
34:32 Bloodlines
35:37 Conscription
36:51 Scale Mail Armor
38:58 Gold Shaft Mining
39:28 Fletching
39:53 Town Watch
49:32 Light Cavalry
60:35 Hussar
觅桃豚
0:33 Loom
13:30 Feudal Age
14:57 Double-Bit Axe
14:55 Horse Collar
18:06 Town Watch
22:40 Castle Age
22:09 Wheelbarrow
23:56 Stone Mining
25:14 Heavy Plow
25:26 Bow Saw
26:18 Hand Cart
31:38 Fletching
31:47 Gold Mining
32:53 Bodkin Arrow
32:45 Fishing Lines
34:28 Gold Shaft Mining
33:55 Town Patrol
35:16 Treadmill Crane
35:50 Fortified Wall
35:20 Treadmill Crane
36:01 Ballistics
36:50 Yeomen
39:09 Imperial Age
39:02 Caravan
39:56 Bracer
39:56 Padded Archer Armor
40:18 Conscription
39:21 Elite Longbowman
41:13 Chemistry
40:19 Siege Engineers
40:27 Warwolf
44:32 Leather Archer Armor
45:12 Hoardings
47:09 Pikeman
47:50 Squires
47:35 Gambesons
47:36 Arson
49:52 Two-Man Saw
50:09 Ring Archer Armor
49:50 Forging
49:41 Scale Mail Armor
49:46 Scale Barding Armor
49:04 Halberdier
67:42 Gillnets
68:22 Chain Mail Armor
68:45 Iron Casting
68:59 Masonry
Connection lost

Rejoining the realm…

Still unreachable

The connection could not be restored.

Session expired

The server has moved on; the page needs a fresh start.